[Event "Early-Titled-Tuesday-Blitz-January-30-2024"]
[Site "Chess.com"]
[Date "2024.01.30"]
[Round "3"]
[White "Practical-Play"]
[Black "Jojo_898"]
[Result "0-1"]
[WhiteElo "2592"]
[BlackElo "2450"]
[TimeControl "180+1"]
[EndTime "8:31:51 PST"]
[Termination "Jojo_898 won on time"]

1. e4 d6 2. d4 Nf6 3. Nc3 g6 4. f4 c6 5. Nf3 b5 6. e5 dxe5 7. fxe5 Nd5 8. Ne4 Bg7 9. c3 O-O 10. Bd3 f6 11. Qe2 Be6 12. h4 Nd7 13. h5 Bf5 14.
Ng3 fxe5 15. hxg6 hxg6 16. Nxf5 gxf5 17. Nxe5 Nxe5 18. dxe5 Qc7 19. e6 Qg3+ 20. Kf1 Rf6 21. Rh3 Qg4 22. Rf3 Raf8 23. Bd2 f4 24. Kf2 Rxe6 25.
Qd1 Qh4+ 26. Kg1 Rh6 27. Rh3 Qg5 28. Qf3 Rg6 29. Bxg6 Qxg6 30. Re1 e5 31. Qe4 Qxe4 32. Rxe4 Rf5 33. Be1 Nb6 34. Rd3 Nc4 35. Rd8+ Kh7 36. b3 Ne3 37. Bf2 Ng4 38. Rd7 Nf6 39. Rxa7 Nxe4 40. Bb6 Nxc3 41. a4 e4 42. a5 e3 43.
Bd4 Rg5 44. Kf1 Kh6 45. Bxg7+ Rxg7 46. Rxg7 Kxg7 47. a6 Nd5 48. a7 Nb6 49. Ke2 Kf6 50.
g3 Kf5 51. gxf4 Kxf4 52. Ke1 Kf3 53. Kf1 Na8 54. Ke1 b4 55. Kf1 c5 56. Ke1 e2 57. Kd2 Kf2 58. Kd3 e1=Q 59. Kc4 Qc3+ 60. Kb5 Qxb3 61. Kc6 Qa3 62. Kb7 Qxa7+ 0-1

[Event "Early-Titled-Tuesday-Blitz-January-30-2024"]
[Site "Chess.com"]
[Date "2024.01.30"]
[Round "3"]
[White "FLYD"]
[Black "Rosh1610"]
[Result "1/2-1/2"]
[WhiteElo "2042"]
[BlackElo "2360"]
[TimeControl "180+1"]
[EndTime "8:31:52 PST"]
[Termination "Game drawn - timeout vs insufficient material"]

1. e4 e5 2. Nf3 Nc6 3. Bc4 Nf6 4. d4 exd4 5. O-O d6 6. Nxd4 Nxd4 7. Qxd4 Be7 8. Nc3 O-O 9. f4 b6 10. Kh1 Bb7 11.
Bd2 Nd7 12. Rf3 Bf6 13. Qf2 Re8 14. Re1 Nc5 15. Bd5 c6 16. Bb3 Bxc3 17. Bxc3 Nxe4 18. Rxe4 Rxe4 19. Rg3 g6 20. f5 d5 21. fxg6 hxg6 22. Rh3 f6 23. Rf3 f5 24. Rh3 Qg5 25. Rh8+ Kf7 26.
Rh7+ Ke6 27. Rxb7 Re8 28. h3 Qc1+ 29. Kh2 Qf4+ 30. Qxf4 Rxf4 31. Rxa7 Kd6 32. Rg7 Re6 33. Kg3 Rfe4 34. h4 Re3+ 35. Kh2 Kc5 36. a3 Re2 37. Ba4 b5 38. Bb4+ Kb6 39. Bb3 Rf2 40.
Kg3 Ree2 41. h5 gxh5 42. Kh4 Rxg2 43. Rxg2 Rxg2 44. Kxh5 f4 45. Kh4 f3 46. Kh3 Rg1 47. Bc3 c5 48. Bxd5 f2 49. Bg2 f1=Q 50. Bxf1 Rxf1 51.
Kg2 Rc1 52. Kf3 Rxc2 53. Ke3 c4 54. Kd4 Kc6 55. a4 Kb6 56. a5+ Ka6 57. Kc5 Rxc3 58. bxc3 Kxa5 59. Kc6 Ka4 60. Kc5 Kb3 61. Kxb5 Kxc3 62.
Ka4 1/2-1/2

[Event "Early-Titled-Tuesday-Blitz-January-30-2024"]
[Site "Chess.com"]
[Date "2024.01.30"]
[Round "3"]
[White "FM_VS99"]
[Black "Baku_Boulevard"]
[Result "0-1"]
[WhiteElo "2549"]
[BlackElo "3052"]
[TimeControl "180+1"]
[EndTime "8:31:53 PST"]
[Termination "Baku_Boulevard won by resignation"]

1. d4 Nf6 2. Nf3 g6 3. g3 Bg7 4.
c4 d6 5. Bg2 Nbd7 6. O-O e5 7.
Nc3 exd4 8. Nxd4 O-O 9. e4 Re8 10. h3 a6 11. Be3 Rb8 12. b3 Ne5 13. f4 Ned7 14. Qc2 c5 15. Nde2 b5 16. Rad1 b4 17. Nd5 Nxd5 18. Rxd5 Nf6 19. Rdd1 Qe7 20. e5 dxe5 21.
fxe5 Nd7 22. Nf4 Nb6 23. Qf2 Qxe5 24. Nxg6 hxg6 25. Qxf7+ Kh7 26. Bf4 Be6 27. Bxe5 Bxf7 28. Bxb8 Bxc4 29. Bc7 Bxf1 30. Bxf1 Na8 31. Rd7 Nxc7 32.
Rxc7 Kh6 33. Bxa6 Re3 34. Kg2 Rc3 35. Bc4 Bd4 36. Re7 Kg5 37. h4+ Kf6 38. Re6+ Kf5 39. Re2 Be5 40. Rf2+ Ke4 41. Re2+ Kd4 42. Rd2+ Ke4 43.
Bd5+ Ke3 44. Rf2 Kd4 45. Rd2+ Ke3 46. Rf2 Rc1 47. Bc4 Bb8 48. Re2+ Kd4 49. Rd2+ Kc3 50. Re2 Ra1 51. g4 Rd1 52. h5 gxh5 53. gxh5 Rd6 54. Re6 Rd2+ 55. Kf3 Rxa2 56. h6 Rh2 57. Rb6 Be5 58.
Rc6 Bd4 59. Kg3 Rh1 60. Kg2 Rh5 61. Bf7 Rf5 62. Bg6 Rg5+ 63. Kf3 Kxb3 64. Kf4 Rg1 65. h7 Rh1 66. Kg4 Kb2 67. Bh5 Rg1+ 68. Kf5 Rf1+ 69.
Ke4 Rf8 70. Rc7 b3 71. Bf7 Kc3 72. Rb7 b2 73. Rb3+ Kc2 74. Bg8 b1=Q 75. Rxb1 Kxb1 76. Kd3 Kb2 77. Kc4 Ka3 0-1

[Event "Early-Titled-Tuesday-Blitz-January-30-2024"]
[Site "Chess.com"]
[Date "2024.01.30"]
[Round "3"]
[White "Makswolf200817"]
[Black "RichardLeyvaP"]
[Result "0-1"]
[WhiteElo "2665"]
[BlackElo "2509"]
[TimeControl "180+1"]
[EndTime "8:31:53 PST"]
[Termination "RichardLeyvaP won by checkmate"]

1. e4 e5 2. Nf3 Nc6 3. Bb5 a6 4.
Ba4 Nf6 5. O-O Be7 6. d3 d6 7. c3 O-O 8. h3 b5 9. Bc2 d5 10. Re1 dxe4 11. dxe4 h6 12. Nbd2 Bc5 13. Nf1 Be6 14. Be3 Qe7 15. a4 Rfd8 16. Qc1 b4 17. a5 b3 18. Bb1 Nd7 19. Bd3 Bxe3 20. Qxe3 Qc5 21. Red1 Qxe3 22. Nxe3 Nc5 23. Be2 Rxd1+ 24. Bxd1 Nxe4 25. Kf1 Nc5 26. Nd2 f5 27. Nec4 Kf7 28. f4 e4 29. g4 g6 30. Kf2 Rd8 31. Be2 Kf6 32. Rg1 Nd3+ 33. Ke3 Nc5 34. gxf5 gxf5 35. h4 Ne7 36. Kf2 Nd5 37. Ne5 Nxf4 38. Ndc4 Ncd3+ 39. Bxd3 Nh3+ 40. Ke3 Nxg1 41. Bf1 Rd1 42. Kf2 Nf3 43. Nxf3 exf3 44. Ne3 Rb1 45. Kxf3 Rxb2 46. Bxa6 Ra2 47. Nc4 b2 48. Nxb2 Rxb2 49. Bd3 Ra2 50. a6 Ra3 51. Ke2 Ke5 52. Kd2 c5 53. Bb5 c4 54.
Kc2 Kd6 55. Kb2 Rb3+ 56. Ka1 Rxb5 57. h5 Ra5+ 58. Kb2 Rxa6 59. Kc2 Ra2+ 60. Kb1 Rh2 61.
Ka1 f4 62. Kb1 Bf5+ 63. Ka1 Bg4 64. Kb1 Re2 65. Ka1 Bxh5 66. Kb1 Bf3 67. Ka1 h5 68. Kb1 h4 69. Ka1 h3 70. Kb1 h2 71. Ka1 h1=Q# 0-1

[Event "Early-Titled-Tuesday-Blitz-January-30-2024"]
[Site "Chess.com"]
[Date "2024.01.30"]
[Round "3"]
[White "MightyGMpretender"]
[Black "vladoboch"]
[Result "0-1"]
[WhiteElo "2832"]
[BlackElo "2488"]
[TimeControl "180+1"]
[EndTime "8:31:54 PST"]
[Termination "vladoboch won on time"]

1. Nf3 c5 2. c4 Nc6 3. Nc3 g6 4. e3 Bg7 5. d4 d6 6. Be2 Nf6 7. O-O O-O 8. h3 h6 9. b3 g5 10. Bb2 Bf5 11. Bd3 Qd7 12. d5 Nb4 13. Bxf5 Qxf5 14. Qe2 Ne4 15. Nxe4 Qxe4 16. Bxg7 Kxg7 17.
a3 Nd3 18. Rad1 Ne5 19. Nh2 Qg6 20. f4 Nd7 21. Ng4 Nf6 22. f5 Qh7 23. e4 h5 24.
Nf2 Nd7 25. Nd3 f6 26. b4 b6 27. Rb1 Rab8 28. Qc2 g4 29. hxg4 hxg4 30. Rf4 Rh8 31. Rxg4+ Kf7 32. bxc5 bxc5 33. Rxb8 Qh1+ 34. Kf2 Rxb8 35.
Rg3 Qa1 36. Qe2 Qd4+ 37. Re3 Rb3 38. Qh5+ Kg7 39. Qe2 Ne5 40. Nxe5 Rb2 41. Nc6 Rxe2+ 42. Kxe2 Qxc4+ 43. Kf3 Qa4 44. Nxe7 c4 45. Nc6 Qd1+ 46. Kf2 Qd2+ 47. Re2 Qf4+ 48. Ke1 c3 49. Nd4 Qg3+ 50.
Kf1 Qd3 51. Nf3 c2 52. Ne1 Qxe2+ 53. Kxe2 c1=Q 54. Nd3 Qxa3 55. Nf4 Qa2+ 56. Kf3 Qb3+ 57. Kg4 a5 58. Ne6+ Kf7 59. Nd8+ Ke7 60. Nc6+ Kf7 61. Nxa5 Qb4 62. Nc6 Qxe4+ 63. Kg3 Qxd5 64. Nd8+ Ke8 65.
Ne6 Qe5+ 66. Kg4 d5 67. g3 d4 68. Nf4 Qe4 69. Kh3 Qxf5+ 70. Kg2 d3 71. Kf3 d2 72. Ke2 Qc2 0-1

[Event "Early-Titled-Tuesday-Blitz-January-30-2024"]
[Site "Chess.com"]
[Date "2024.01.30"]
[Round "3"]
[White "PedroGil25"]
[Black "SaqoChess_Twitch"]
[Result "1/2-1/2"]
[WhiteElo "2406"]
[BlackElo "2586"]
[TimeControl "180+1"]
[EndTime "8:31:54 PST"]
[Termination "Game drawn - insufficient material"]

1. e4 c5 2. Nf3 d6 3. Bb5+ Bd7 4.
Bxd7+ Qxd7 5. O-O Nc6 6. c3 Nf6 7. Re1 e6 8. d4 cxd4 9. Nxd4 Be7 10. Bg5 O-O 11. Nd2 h6 12. Bh4 Rfd8 13. N2f3 Rac8 14. Qe2 d5 15. exd5 Nxd5 16. Bxe7 Ndxe7 17. Rad1 Nxd4 18. Rxd4 Qc7 19. Red1 Rxd4 20. Rxd4 Rd8 21.
h3 Rxd4 22. Nxd4 a6 23. a4 Qd7 24. Qc4 Nd5 25. g3 g6 26. a5 h5 27. h4 Kg7 28. b4 Nf6 29. Qc5 Qd5 30. Qxd5 Nxd5 31.
Ne2 Kf6 32. f3 e5 33. Kf2 Ke6 34. Ke1 Kd6 35. Kd2 f5 36. Kd3 Nf6 37. c4 Ng8 38. f4 e4+ 39. Kd4 Ne7 40. b5 axb5 41. cxb5 Nd5 42.
a6 b6 43. Nc3 Nc7 44. Kc4 Ne6 45. Na4 Kc7 46. Nc3 Kb8 47. Nd5 Ka7 48. Ne7 Nc5 49. Nxg6 e3 50. Kc3 e2 51. Kd2 Ne4+ 52. Kxe2 Nxg3+ 53.
Kf3 Ne4 54. Ne7 Nc3 55. Nxf5 Nxb5 56. Ng7 Kxa6 57. Nxh5 Nd6 58. Nf6 b5 59. Nd5 Kb7 60. h5 Kc6 61. Ne3 Kd7 62. Kg4 Ke6 63. h6 Kf6 64. f5 b4 65. Nd5+ Kf7 66. Nxb4 Ne8 67.
Nd5 Kg8 68. Kg5 Nd6 69. f6 Nf7+ 70. Kh5 Kh7 71. Ne7 Nxh6 72. Ng6 Nf7 73. Nf8+ Kg8 74. Ne6 Ne5 75. Kg5 Kf7 76. Nf4 Nd7 77. Nd5 Nxf6 1/2-1/2

[Event "Early-Titled-Tuesday-Blitz-January-30-2024"]
[Site "Chess.com"]
[Date "2024.01.30"]
[Round "3"]
[White "Amirreza_p"]
[Black "FlemingA"]
[Result "1-0"]
[WhiteElo "2754"]
[BlackElo "2434"]
[TimeControl "180+1"]
[EndTime "8:31:56 PST"]
[Termination "Amirreza_p won by checkmate"]

1. e4 Nc6 2. Nf3 d6 3. d4 Nf6 4.
d5 Nb8 5. Nc3 g6 6. Bc4 Bg7 7.
O-O O-O 8. h3 c6 9. Re1 Nbd7 10.
a4 Qc7 11. Bf1 Re8 12. a5 e5 13. a6 cxd5 14. exd5 bxa6 15. Bxa6 Nc5 16. Bxc8 Rexc8 17.
Bd2 Qb7 18. b3 Nxd5 19. Nxd5 Qxd5 20. Ra5 Qc6 21. Be3 Rc7 22. Nd2 Ne6 23. Nc4 d5 24. Qxd5 Nd4 25. Bxd4 exd4 26. Qxc6 Rxc6 27. Re7 a6 28. Kf1 h6 29. Ke2 Rb8 30. Kd3 Rf6 31.
f3 Rf5 32. Rxf5 gxf5 33. Nd6 Rb6 34. Re8+ Kh7 35. Nxf5 Bf6 36. Nxd4 Rd6 37. Re4 Kg6 38. c4 Rd8 39. g4 a5 40. c5 Bg7 41. Kc4 Rb8 42.
Nb5 Rc8 43. f4 Bf8 44. f5+ Kg5 45. Re5 f6 46. Rd5 Kh4 47. Nd4 Kxh3 48. c6 Kxg4 49. Rxa5 h5 50. b4 h4 51. b5 h3 52. b6 h2 53. Ra1 Bd6 54. Kd5 Bf4 55. b7 Rh8 56. Ne6 Bb8 57. Rh1 Bc7 58. Nxc7 Kg3 59. Rxh2 Kxh2 60. Ne6 Rh3 61. c7 Rh4 62. Kc6 Rh3 63. Kd7 Rc3 64. c8=Q Rd3+ 65. Ke7 Re3 66. Qc7+ Kh3 67.
b8=Q Kg4 68. Qf4+ Kh5 69. Qh8# 1-0

[Event "Early-Titled-Tuesday-Blitz-January-30-2024"]
[Site "Chess.com"]
[Date "2024.01.30"]
[Round "3"]
[White "Imagine_Drag0n"]
[Black "ExchangeAB"]
[Result "1/2-1/2"]
[WhiteElo "2773"]
[BlackElo "2466"]
[TimeControl "180+1"]
[EndTime "8:32:03 PST"]
[Termination "Game drawn by repetition"]

1. e4 c6 2. d4 d5 3. f3 g6 4.
Nc3 Bg7 5. e5 f6 6. f4 Nh6 7.
Nf3 Bg4 8. Be2 O-O 9. O-O Nd7 10. Kh1 fxe5 11. fxe5 e6 12. Bg5 Qb6 13. Na4 Qa5 14.
b3 Nf5 15. Bd2 Qc7 16. c3 b5 17. Nb2 a6 18. Nd3 c5 19. Nf4 Rae8 20. Ng5 Bxe2 21.
Qxe2 Qc6 22. Be3 Bh6 23. Ngh3 Nxe3 24. Qxe3 Rf5 25. g4 Bxf4 26. Nxf4 Rf7 27. Nh3 Ref8 28. Rxf7 Rxf7 29. Ng5 Rg7 30. Rf1 cxd4 31. cxd4 h6 32. Nh3 g5 33. Qd3 Nf8 34. Ng1 Rf7 35. Rxf7 Kxf7 36.
Ne2 Ng6 37. Qf3+ Nf4 38. Nxf4 Qc1+ 39. Kg2 gxf4 40. g5 Qc2+ 41. Kf1 hxg5 42. Qh5+ Qg6 43. Qh8 Qd3+ 44. Ke1 Qe3+ 45. Kf1 Qc1+ 46. Kf2 Qc2+ 47.
Kf1 Qb1+ 48. Kf2 Qxa2+ 49. Kg1 Qb1+ 50. Kf2 Qc2+ 51. Kg1 Qc1+ 52. Kf2 Qd2+ 53. Kg1 Qxd4+ 54. Kf1 Qd3+ 55. Kf2 Qg6 56. Qd8 Kg7 57. Qe7+ Kh6 58. Qf8+ Kh5 59. h3 Qc2+ 60. Kg1 Qd3 61. Qh8+ Kg6 62.
Qg8+ Kh6 63. Qh8+ Qh7 64. Qf6+ Qg6 65. Qh8+ Qh7 66. Qf6+ Kh5 67. Qxe6 Qb1+ 68. Kg2 Qc2+ 69. Kg1 Qd1+ 70. Kf2 Qd2+ 71. Kf1 Qd3+ 72. Kf2 Qe3+ 73.
Kf1 Qf3+ 74. Kg1 Qg3+ 75. Kf1 Qd3+ 76. Kg1 Qb1+ 77. Kf2 Qb2+ 78. Kf1 Qc1+ 79. Kf2 Qc2+ 80. Kf1 Qd1+ 81. Kf2 Qd2+ 82. Kf1 Qd3+ 1/2-1/2

[Event "Early-Titled-Tuesday-Blitz-January-30-2024"]
[Site "Chess.com"]
[Date "2024.01.30"]
[Round "3"]
[White "LastHeroJr"]
[Black "Yeritsyaan"]
[Result "0-1"]
[WhiteElo "2453"]
[BlackElo "2629"]
[TimeControl "180+1"]
[EndTime "8:32:03 PST"]
[Termination "Yeritsyaan won by resignation"]

1. e4 e6 2. d4 a6 3. Bd3 b5 4.
Nf3 Bb7 5. O-O c5 6. c3 Nf6 7.
Nbd2 d5 8. e5 Ne4 9. Re1 Nxd2 10. Bxd2 Be7 11. a4 c4 12. Bc2 Nc6 13. Qe2 b4 14. g3 b3 15. Bd1 Nb8 16. h4 Nd7 17. a5 Bc6 18. Qe3 Bb5 19. Qf4 h6 20. Nh2 g5 21. hxg5 Bxg5 22. Qg4 Bxd2 23. Re2 Bg5 24. f4 Be7 25. Qg7 Rf8 26. Qxh6 Qc7 27. f5 exf5 28. Nf3 Qc6 29. Qf4 Qe6 30. Rf2 Rg8 31.
Be2 Rg4 32. Qd2 Rxg3+ 33. Rg2 Rxg2+ 34. Kxg2 O-O-O 35. Kf2 Rg8 36. Rh1 Kb7 37. Ke1 Nf8 38. Rh6 Ng6 39. Kd1 Rh8 40. Rxh8 Nxh8 41. Qf4 Ng6 42. Qh6 f4 43. Qh7 Qf5 44. Ke1 Be8 45. Qg8 Qd7 46. Qg7 Kc8 47. Qg8 Kd8 48. Qg7 Qf5 49. Qg8 Qb1+ 50. Kf2 Qxb2 51. e6 fxe6 52. Qxe6 Qxc3 53. Qb6+ Kd7 54. Qb7+ Ke6 55. Qxa6+ Kf7 56.
Qb7 Qe3+ 57. Kf1 Qe4 58. a6 b2 59. a7 b1=Q+ 60. Qxb1 Qxb1+ 61. Kf2 Qa2 62. Ne5+ Nxe5 63. a8=Q Qa7 64. Kg2 Qxa8 65. Bh5+ Ke6 0-1

[Event "Early-Titled-Tuesday-Blitz-January-30-2024"]
[Site "Chess.com"]
[Date "2024.01.30"]
[Round "3"]
[White "AlexTruskavetsky"]
[Black "noblerone"]
[Result "1-0"]
[WhiteElo "2689"]
[BlackElo "2500"]
[TimeControl "180+1"]
[EndTime "8:32:05 PST"]
[Termination "AlexTruskavetsky won by checkmate"]

1. d4 d5 2. c4 c6 3. Nf3 Nf6 4. e3 Bg4 5. Nbd2 e6 6. Bd3 Nbd7 7. h3 Bh5 8. O-O Bg6 9. Qc2 Bd6 10. b3 O-O 11.
Bb2 a5 12. a3 Rc8 13. c5 Bc7 14. b4 Qe7 15. Ne5 Bxd3 16. Qxd3 Nxe5 17. dxe5 Nd7 18. f4 f6 19. exf6 Nxf6 20. Nb3 axb4 21. axb4 e5 22. fxe5 Bxe5 23. Nd4 Bb8 24. Nf5 Qe6 25. Rf3 Be5 26.
Bxe5 Qxe5 27. Raf1 Rc7 28. Qd4 Qxd4 29. exd4 Re8 30. Nd6 Re2 31. Ra1 h6 32. Ra7 Ree7 33.
b5 cxb5 34. Rb3 Re1+ 35. Kh2 Rce7 36. Rxb7 R7e2 37. Rb8+ Kh7 38. c6 Rc1 39. Rc8 Ree1 40. c7 Nh5 41. Rh8+ Kxh8 42. c8=Q+ Rxc8 43. Nxc8 Rd1 44. Rxb5 Rxd4 45. Ne7 Rd2 46. Nxd5 Kh7 47. Ne3 Nf6 48. Kg3 Rd3 49. Kf3 Rd7 50. g4 Rf7 51. Ke2 Re7 52. Kd3 Rd7+ 53. Kc4 Rc7+ 54. Kd3 Rd7+ 55. Ke2 Re7 56. Kf3 Rf7 57. Kg2 Ra7 58. Nf5 Ra2+ 59. Kg3 Ra3+ 60. Kg2 Ra7 61. Rb2 Rd7 62.
Rf2 Ne4 63. Re2 Nf6 64. Ng3 Rc7 65. Re3 Rb7 66. Kf3 Rc7 67. Rd3 Rb7 68. h4 Ra7 69. g5 hxg5 70. hxg5 Ne8 71. Kg4 Ra4+ 72. Kf3 Ra7 73. Rd4 Kg6 74. Kg4 Rc7 75. Ne4 Re7 76. Rc4 Kf7 77. Kf5 g6+ 78. Kf4 Ng7 79. Rc6 Re6 80. Rc7+ Re7 81. Rc6 Re6 82. Rc8 Re7 83.
Nd6+ Ke6 84. Ne4 Kf7 85. Rh8 Nh5+ 86. Kf3 Kg7 87. Ra8 Rf7+ 88. Ke3 Re7 89. Kd4 Rd7+ 90. Ke5 Re7+ 91. Kd5 Nf4+ 92. Kd4 Ne6+ 93. Kd3 Nf4+ 94. Kd4 Ne6+ 95. Kc3 Rc7+ 96. Kb4 Rb7+ 97. Kc4 Rd7 98. Nf6 Rc7+ 99. Kd5 Nxg5 100. Ne8+ Kh6 101. Nxc7 Nh3 102. Ne6 g5 103. Ke4 Kh5 104. Kf3 Kh4 105. Rh8# 1-0

[Event "Early-Titled-Tuesday-Blitz-January-30-2024"]
[Site "Chess.com"]
[Date "2024.01.30"]
[Round "3"]
[White "shimastream"]
[Black "PavelShkapenko"]
[Result "1/2-1/2"]
[WhiteElo "3024"]
[BlackElo "2760"]
[TimeControl "180+1"]
[EndTime "8:32:06 PST"]
[Termination "Game drawn by repetition"]

1. Nf3 d5 2. g3 Nd7 3. Bg2 e5 4.
d3 Ngf6 5. O-O Bc5 6. Nc3 a5 7. e4 dxe4 8. dxe4 O-O 9. Nh4 b6 10. h3 Bd4 11. Ne2 Bc5 12. Nf5 Bb7 13. Nc3 Re8 14.
Bg5 Nf8 15. Qxd8 Raxd8 16. Bxf6 gxf6 17. Rfd1 Ne6 18. Nd5 Bxd5 19. exd5 Nd4 20. Be4 Nxf5 21. Bxf5 e4 22. g4 e3 23. fxe3 Rxe3 24. Kg2 Rde8 25. Rd2 Bd6 26. Rh1 Rg3+ 27. Kf1 Rge3 28. Kg2 Rg3+ 29. Kf1 Rge3 30. Kf2 Bc5 31. Kg2 Bd6 32. Rf2 Rg3+ 33. Kf1 Bc5 34. Re2 Rxe2 35. Kxe2 Rg2+ 36. Kd3 Kg7 37. Kc4 Rg3 38. Kb5 Bd6 39. Kc6 Rf3 40. Be4 Rf4 41. Bd3 Rf3 42. h4 Rf4 43. Rg1 h6 44. h5 Kf8 45. Bf5 Rc4+ 46. Kb7 a4 47. b3 axb3 48. axb3 Rd4 49. c4 Rd2 50. Re1 Rb2 51. Re3 Kg7 52. Kc6 Kf8 53. Kd7 Kg7 54.
Ke8 Ra2 55. Kd8 Rb2 56. Kc8 Rb1 57. Kb7 Rb2 58. Kc6 Kf8 59. Rf3 Kg7 60. Kb5 Kf8 61. Kc6 Kg7 62. Bd7 Rb1 63. Bc8 Rb2 64. Kb7 Rb1 65. Bf5 Rb2 66. Ka6 Be5 67. Kb5 Bd6 68.
Re3 Kf8 69. Re1 Rxb3+ 70. Kc6 Rb4 71. Re4 Rb2 72. Kd7 Kg7 73. Kc8 Rb4 74. Kd7 Ra4 75. Kc6 Rb4 76. Kd7 Ra4 77. Kc6 Rb4 78. Kd7 1/2-1/2

[Event "Early-Titled-Tuesday-Blitz-January-30-2024"]
[Site "Chess.com"]
[Date "2024.01.30"]
[Round "3"]
[White "Hasangatin_Ramil"]
[Black "bardiya_Daneshvar"]
[Result "0-1"]
[WhiteElo "2697"]
[BlackElo "2931"]
[TimeControl "180+1"]
[EndTime "8:32:07 PST"]
[Termination "bardiya_Daneshvar won on time"]

1. e4 c6 2. Nf3 d5 3. d3 dxe4 4. dxe4 Qxd1+ 5. Kxd1 Nf6 6. Nfd2 g5 7. f3 h5 8. Nb3 g4 9. Bg5 Rg8 10. Bh4 Bh6 11.
N1d2 Nbd7 12. c3 Ne5 13. Kc2 gxf3 14. gxf3 Bf4 15. Nd4 Bd7 16. Be2 Rg2 17. Rag1 Rxg1 18.
Rxg1 Ng6 19. Bg3 O-O-O 20. Nc4 b5 21. Na5 Kc7 22. b4 e5 23. Ndb3 h4 24. Bxf4 Nxf4 25. Bf1 Rg8 26. Rxg8 Nxg8 27. Nc5 Nf6 28. Kd2 Bc8 29.
Ke3 Ne8 30. a4 a6 31. Nab3 Nd6 32. a5 Kd8 33. Nd2 Ke7 34. Bd3 f5 35. exf5 Nd5+ 36. Kf2 Nxc3 37. Be4 Nd5 38. Bxd5 cxd5 39. Nf1 Nxf5 40.
Ne3 Nxe3 41. Kxe3 Kd6 42. f4 d4+ 43. Ke4 exf4 44. Kxd4 f3 45. Ne4+ Ke6 46. Nc5+ Kf5 47. Ke3 Kg4 48. Kf2 Kf4 49. Nd3+ Ke4 50. Nc5+ Kd4 51.
Kxf3 Kc4 52. Ke4 Kxb4 53. Kd4 Kxa5 54. Kc3 Kb6 55. Kd4 a5 56. Ne4 b4 57. Ng5 h3 58.
Ne4 Kc6 59. Nc5 Bf5 60. Nb3 Kb5 61. Nc5 a4 62. Nb7 Bd7 63. Nd6+ Kc6 64. Ne4 Be6 65. Nd2 a3 66. Kd3 Kc5 67. Kc2 Kd4 68. Nf3+ Ke3 69. Ng5 Bf5+ 70. Kb3 Kf2 71. Kxb4 a2 0-1

[Event "Early-Titled-Tuesday-Blitz-January-30-2024"]
[Site "Chess.com"]
[Date "2024.01.30"]
[Round "3"]
[White "djano"]
[Black "Anton_Demchenko"]
[Result "0-1"]
[WhiteElo "2710"]
[BlackElo "2949"]
[TimeControl "180+1"]
[EndTime "8:32:11 PST"]
[Termination "Anton_Demchenko won by resignation"]

1. e4 c5 2. Nc3 d6 3. f4 Nc6 4.
Nf3 e6 5. Bb5 Bd7 6. O-O Be7 7. d4 cxd4 8. Nxd4 Nf6 9. Be3 O-O 10.
Be2 a6 11. Qe1 b5 12. a3 Nxd4 13. Bxd4 Bc6 14. Bd3 Nd7 15. Qg3 e5 16. Be3 exf4 17.
Bxf4 Bh4 18. Qh3 Ne5 19. Rad1 Bf6 20. Kh1 Rc8 21. Be2 Qe7 22. Rd2 Rfd8 23. Rfd1 Bb7 24.
Qg3 g6 25. h3 Rc7 26. Qf2 Rdd7 27. Rf1 Bg5 28. Rfd1 Bxf4 29. Qxf4 Kg7 30. Rf1 h5 31. Nd1 Nc4 32. Bxc4 Rxc4 33. Nf2 Bxe4 34. Nxe4 Rxe4 35. Qf3 f5 36. Rfd1 Re1+ 37. Kh2 Qe5+ 38. g3 Re3 39. Qf2 h4 40. Rg1 Re7 41. Rd3 hxg3+ 42.
Rxg3 Rxd3 43. cxd3 Qe2 44. Rg2 Qxd3 45. Qh4 Qe4 46. Qg3 Qe5 47. Rd2 Qxg3+ 48. Kxg3 Re6 49. Rc2 Kf6 50. Rc6 d5 51. Rc5 Re3+ 52. Kg2 Rb3 53. Rc6+ Kg5 54. Rxa6 Rxb2+ 55. Kg3 Rb3+ 56. Kg2 d4 57. Rd6 Rxa3 58. Rxd4 Rb3 59. h4+ Kh5 60. Kh2 b4 61. Kg2 g5 62. hxg5 Kxg5 63. Rc4 f4 64.
Kf2 Kg4 65. Rc8 Rb2+ 66. Kf1 b3 67. Rc3 Rb1+ 68. Kf2 b2 69. Rb3 Kf5 70. Kg2 Ke5 71. Rb4 Kd5 72. Rb5+ Kc4 73. Rb8 f3+ 74. Kh2 f2 75. Rc8+ Kd5 0-1

[Event "Early-Titled-Tuesday-Blitz-January-30-2024"]
[Site "Chess.com"]
[Date "2024.01.30"]
[Round "3"]
[White "chucksterf10"]
[Black "Bauman_Guy"]
[Result "1/2-1/2"]
[WhiteElo "2598"]
[BlackElo "2874"]
[TimeControl "180+1"]
[EndTime "8:32:18 PST"]
[Termination "Game drawn - insufficient material"]

1. d4 Nf6 2. c4 e6 3. g3 c5 4. d5 exd5 5. cxd5 d6 6. Nc3 g6 7. e4 Bg7 8. Nf3 O-O 9. Nd2 Re8 10.
Bg2 Bg4 11. f3 Bd7 12. a4 a6 13. O-O Qc7 14. Nc4 Bc8 15. Bf4 Bf8 16. e5 dxe5 17. d6 Qd8 18. Bxe5 Be6 19. Bxf6 Qxf6 20. Nb6 Ra7 21. Ne4 Qd8 22. a5 Nd7 23. Nxd7 Bxd7 24. Nxc5 Bc6 25. Qd4 Qxd6 26. Qxd6 Bxd6 27. Ne4 Bxe4 28.
fxe4 Be5 29. Rad1 b6 30. axb6 Rb7 31. b3 Ree7 32. Rf3 Rxb6 33. Bf1 Kg7 34. Bc4 a5 35. Rd5 a4 36. bxa4 Rb4 37. Bb5 Rxe4 38. a5 Rb4 39. a6 Bd4+ 40. Kg2 Rb2+ 41. Kh3 Bg1 42. g4 Rxh2+ 43. Kg3 Ra2 44. Bc4 Ra4 45. Bb5 Ra1 46. Rfd3 Ra5 47. Bc4 Ra4 48. Bb5 Rae4 49. Rd7 Bc5 50. Bc6 R4e5 51. Rxe7 Rxe7 52. Rd5 Ba7 53. Rb5 Rc7 54. Bd5 Kf6 55. Bf3 h6 56. Kg2 Kg7 57. Kg3 Kf6 58. Kg2 Rc2+ 59. Kg3 Ra2 60. Bb7 Ra3+ 61. Kg2 Bb8 62. Rb4 Kg5 63.
Bd5 Bd6 64. Rb5 Kxg4 65. Bxf7 Rxa6 66. Bxg6 Ra2+ 67. Kf1 Bf4 68. Bh5+ Kh4 69. Be2 Be3 70. Re5 Ra1+ 71. Kg2 Bd4 72. Re4+ Kg5 73. Rxd4 Kf5 74. Kf3 Ke5 75. Rd3 Ra4 76. Re3+ Kf6 77. Kg3 Kf5 78. Rf3+ Kg5 79. Bd3 Rg4+ 80. Kh3 Rh4+ 81. Kg3 Rg4+ 82. Kh2 Rh4+ 83. Kg2 Rg4+ 84. Kf2 Rf4 85. Be2 Rxf3+ 86. Bxf3 h5 87. Bxh5 1/2-1/2

[Event "Early-Titled-Tuesday-Blitz-January-30-2024"]
[Site "Chess.com"]
[Date "2024.01.30"]
[Round "3"]
[White "jk13"]
[Black "frederiksvane"]
[Result "0-1"]
[WhiteElo "2695"]
[BlackElo "2923"]
[TimeControl "180+1"]
[EndTime "8:32:22 PST"]
[Termination "frederiksvane won by checkmate"]

1. e4 c5 2. c3 e6 3. d4 d5 4. exd5 exd5 5. Nf3 Nf6 6. Bb5+ Bd7 7. Bxd7+ Nbxd7 8.
O-O Be7 9. dxc5 Nxc5 10. Be3 O-O 11. Nbd2 Re8 12. Nb3 Nce4 13. Bd4 a5 14. a4 h6 15. Re1 Qc7 16. h3 Rad8 17. Qd3 Bd6 18. Qb5 Nh5 19. Bb6 Qc8 20. Bxd8 Rxd8 21. Rxe4 dxe4 22. Qxh5 exf3 23. Qxf3 b6 24. Qe4 Re8 25. Qd3 Qd7 26. Nd4 Bc5 27. b3 g6 28. Rd1 Qd5 29. Qb5 Qe5 30. h4 Kg7 31. g3 Re7 32. Qc4 Qe4 33. Qd3 Qd5 34.
Qb5 Qe4 35. Qd3 Qd5 36. Qb5 Qe5 37. Qd3 Qf6 38. Rd2 Re1+ 39. Kg2 h5 40. Nf3 Re6 41. Qc4 Qf5 42. Re2 Rf6 43. Qe4 Qd7 44. Qe5 Qc6 45. Re4 Bd6 46. Qd4 Bc5 47. Qe5 Kh7 48. Rf4 Rxf4 49.
Qxf4 Kg8 50. Kg1 Bd6 51. Qe3 Qd5 52. c4 Qb7 53. Ng5 Bc5 54. Qd3 Qe7 55. Ne4 Bb4 56. Qd5 Kf8 57. Qd4 Ke8 58. Nf6+ Kf8 59. Nd5 Qe1+ 60.
Kg2 Ke8 61. Qh8+ Kd7 62. Nxb6+ Kc6 63. Nd5 Qe4+ 64. Kh2 Qf3 65. Qf6+ Qxf6 66. Nxf6 Bc5 67. Kg2 Bd4 68. Ne4 f5 69. Nd2 Kc5 70. Nf3 Bf6 71. Ne1 Kb4 72. Nd3+ Kxb3 73. c5 Kxa4 74. c6 Bd8 75.
Nc5+ Kb4 76. Ne6 Bb6 77. c7 Bxc7 78. Nxc7 a4 79. Nd5+ Kb3 80. Ne3 a3 81. Nf1 Kc3 82. Ne3 a2 83. Nd5+ Kb2 84. Nf4 a1=Q 85. Nxg6 Qa8+ 86.
Kg1 Qf3 87. Nf4 Kc3 88. Nh3 Kd3 89. Nf4+ Kd2 90. Kf1 Qh1# 0-1

[Event "Early-Titled-Tuesday-Blitz-January-30-2024"]
[Site "Chess.com"]
[Date "2024.01.30"]
[Round "3"]
[White "Sina_Movahed"]
[Black "Agibileg"]
[Result "1-0"]
[WhiteElo "3034"]
[BlackElo "2761"]
[TimeControl "180+1"]
[EndTime "8:32:24 PST"]
[Termination "Sina_Movahed won by checkmate"]

1. e4 e5 2. Nf3 Nc6 3. d4 exd4 4. Nxd4 Nf6 5. Nxc6 bxc6 6. e5 Qe7 7. Qe2 Nd5 8. h4 Qe6 9. Nd2 d6 10. exd6 Qxe2+ 11. Bxe2 cxd6 12. Nc4 h5 13. Bf3 Be6 14. Bg5 f6 15.
Bd2 Kf7 16. O-O-O Rc8 17. Rde1 Nb6 18. Na5 d5 19. Re2 Bf5 20. Rhe1 Kg6 21. a3 Bd6 22. Bb4 c5 23. Nb7 Bf8 24. Ba5 d4 25. Re8 Nc4 26.
Rxc8 Bxc8 27. Bc7 Bxb7 28. Bxb7 Bd6 29. Be4+ Kh6 30. Bxd6 Nxd6 31. Bc6 Rc8 32. Ba4 Rc7 33. g3 Kg6 34. Re6 Nc4 35. Be8+ Kf5 36. Re2 g6 37.
Bb5 Ne5 38. f4 Nc6 39. Kd2 Kg4 40. Re6 Nd8 41. Rd6 Nf7 42. Rxf6 Kxg3 43. Rxg6+ Kxf4 44. Rg7 Ke5 45. Bc4 Kf6 46. Rg2 Ne5 47. Bd5 Kf5 48. b3 Rd7 49. Ba8 Re7 50. Rg5+ Kf4 51. Rxh5 Ng4 52.
Rxc5 Ne3 53. h5 Nf1+ 54. Kd3 Re1 55. Kxd4 Rd1+ 56. Kc3 Ne3 57. Kb2 Rd2 58. b4 Rh2 59. Bb7 Nd1+ 60. Kb3 Rh3+ 61. c3 Ke3 62. Ba6 Kd2 63.
Rd5+ Kc1 64. Bd3 Nf2 65. Bc2 Rh4 66. a4 Rh3 67. a5 a6 68. b5 axb5 69. a6 Rh4 70. a7 Ra4 71. Rd7 Ng4 72. Rd1# 1-0